 Dungeon Sprint DCSS version 0.19.1 (webtiles) character file.

21544 equalderp2856 the Eviscerator (level 12, -17/57 HPs)
             Began as a Felid Fighter on Dec 2, 2016.
             Was an Elder of Qazlal.
             Killed from afar by Aizul (37 damage)
             ... with a bolt of poison
             ... in the Dungeon (Sprint IX: "|||||||||||||||||||||||||||||").
             The game lasted 00:18:08 (5313 turns).

equalderp2856 the Eviscerator (Felid Fighter)       Turns: 5313, Time: 00:18:10

Health: -17/57     AC:  3    Str: 17    XL:     12   Next: 55%
Magic:  6/25       EV: 35    Int: 11    God:    Qazlal [****..]
Gold:   1135       SH:  5    Dex: 17    Spells: 6 memorised, 3 levels left
                                        Lives:  0   Deaths: 2

rFire  . . .     SeeInvis +       - Unarmed
rCold  + . .     Gourm    .     (armour unavailable)
rNeg   . . .     Faith    .     (shield unavailable)
rPois  .         Spirit   .     (helmet unavailable)
rElec  .         Reflect  .     (cloak unavailable)
rCorr  .         Harm     .     (gloves unavailable)
MR     +....     NoTele   +     (boots unavailable)
Stlth  +++.......               (no amulet)
                                n - +3 ring of strength
                                m - +2 ring of evasion

@: lethally poisoned (-17 -> -28), repel missiles, quick
A: no armour, no weapons or thrown items, stealth, claws 1, fangs 3, see
invisible, carnivore 3, speed 1, shaggy fur 3, slow metabolism 1, sharp paws
a: Upheaval, Elemental Force, Renounce Religion


You were in the Dungeon.
You worshipped Qazlal.
Qazlal was greatly pleased with you.
You were not hungry.

You visited 1 branch You collected 1850 gold pieces.
You spent 715 gold pieces at shops.

Inventory:

Jewellery
 m - a +2 ring of evasion (left paw)
 n - a +3 ring of strength (right paw)
 q - an uncursed ring of ice
 u - an uncursed ring of protection from fire
 v - an uncursed ring of protection from fire
 w - an uncursed ring of protection from cold
 x - an uncursed ring of protection from cold
Wands
 l - a wand of acid (7/15)
Scrolls
 h - 4 scrolls of blinking
 j - 4 scrolls of remove curse
 k - 2 scrolls of amnesia
 o - 3 scrolls of identify
 p - a scroll of fear
 y - a scroll of recharging
 B - a scroll of fog
Potions
 a - 3 potions of might
 e - a potion of haste
 f - 4 potions of magic
 g - 4 potions of berserk rage
 z - a potion of agility
 A - a potion of brilliance
Books
 r - a book of Cantrips

   Spells                             Type                      Level
   a - Confusing Touch                Hexes                        1
   b - Animate Skeleton               Necromancy                   1
   c - Summon Small Mammal            Summoning                    1
   d - Apportation                    Translocation                1
 s - a book of Maledictions

   Spells                             Type                      Level
   a - Corona                         Hexes                        1
   b - Ensorcelled Hibernation        Hexes/Ice                    2
   c - Confuse                        Hexes                        3
   d - Tukima's Dance                 Hexes                        3
   e - Dazzling Spray                 Conjuration/Hexes            3
 t - a book of Minor Magic

   Spells                             Type                      Level
   a - Magic Dart                     Conjuration                  1
   b - Blink                          Translocation                2
   c - Call Imp                       Summoning                    2
   d - Repel Missiles                 Charms/Air                   2
   e - Slow                           Hexes                        2
   f - Conjure Flame                  Conjuration/Fire             3
   g - Mephitic Cloud                 Conjuration/Poison/Air       3
Comestibles
 b - 12 meat rations


   Skills:
 + Level 9.0 Fighting
 + Level 18.2 Dodging
 + Level 8.9 Stealth
 + Level 24.0 Unarmed Combat
 + Level 17.7 Invocations


You had 3 spell levels left.
You knew the following spells:

 Your Spells              Type           Power        Failure   Level  Hunger
a - Animate Skeleton      Necr           N/A          34%         1    ##.....
b - Blink                 Tloc           N/A          56%         2    ###....
c - Confusing Touch       Hex            #.....       34%         1    ##.....
d - Summon Small Mammal   Summ           #...         34%         1    ##.....
e - Ensorcelled Hibernat  Hex/Ice        #.....       56%         2    ###....
f - Corona                Hex            #......      34%         1    ##.....


Dungeon Overview and Level Annotations

Branches:
Dungeon (1/1)

Altars:
Cheibriados
Dithmenos
Elyvilon
Fedhas
Gozag
Hepliaklqana
Kikubaaqudgha
Makhleb
Nemelex Xobeh
Okawaru
Qazlal
Ru
Sif Muna
Trog
Uskayaw
Vehumet
Xom
Yredelemnul
Zin
The Shining One
Beogh
Jiyva
Lugonu

Shops:
D ?:[(

Annotations:
D Aizul


Innate Abilities, Weirdness & Mutations

You cannot wear armour.
You are incapable of wielding weapons or throwing items.
Your paws allow you to move quietly. (Stealth)
You have sharp claws.
You have razor-sharp teeth.
You have supernaturally acute eyesight. (SInv)
You are carnivorous and can eat meat at any time.
You cover ground quickly.
Your thick and shaggy fur keeps you warm. (AC +3, rC+)
You have a slow metabolism.
Your sharp claws are effective at attacking unaware monsters.


Message History

Aizul hits your air elemental!
Your air elemental hits Aizul.
Your air elemental closely misses Aizul.
Okay, then.
Your air elemental completely misses Aizul.
Your air elemental hits Aizul!
Aizul hits your air elemental!!
Your air elemental misses Aizul.
Your air elemental hits Aizul but does no damage.
Your air elemental hits Aizul. x2
Aizul casts a spell at you.
The bolt of poison hits your air elemental.
Your air elemental completely resists.
The bolt of poison misses you.
Your air elemental closely misses Aizul.
Your air elemental hits Aizul.
Aizul coils herself and waves her upper body at you.
The bolt of poison misses your air elemental.
The bolt of poison hits you!
You are poisoned.
Ouch! That really hurt!
You die...

▓.▓.▓.▓≈▓C▓.▓.▓.▓'▓.▓.
▓.▓.▓.▓.▓.▓.▓.▓.▓.▓.▓.
▓.▓.▓.▓≈▓'▓.▓.▓.▓.▓.▓.
▓.▓.▓E▓≈▓.▓.▓.▓.▓.▓.▓'
▓.▓E▓.▓.▓.▓.▓.▓.▓.▓.
▓.▓S▓.▓.▓.▓.▓.▓.▓.▓.
▓.▓E▓ ▓.▓.▓'▓.▓)▓.▓.
▓.▓.▓ ▓.▓.▓)▓.▓.▓.▓.
▓.▓@▓ ▓)▓.▓)▓.▓(▓.▓.
▓.▓≈▓ ▓)▓.▓[▓.▓.▓.▓'
▓.▓.▓ ▓)▓.▓.▓.▓.▓.▓_
▓.▓≈▓ ▓)▓.▓)▓.▓?▓.▓_
▓.▓.▓ ▓)▓.▓.▓)▓.▓.▓_
▓.▓.▓ ▓)▓.▓[▓.▓.▓.▓_
▓.▓.▓ ▓)▓.▓.▓.▓'▓.▓_
▓.▓.▓ ▓)▓.▓.▓.▓.▓.▓_
▓.▓.▓ ▓.▓.▓.▓.▓.▓.▓_


You could see Aizul and 3 friendly air elementals.

Vanquished Creatures
  2 ghost moths (D)
  An emperor scorpion (D)
  An ettin (D)
  Harold (D)
  3 ogre magi (D)
  2 hydras (D)
  6 death yaks (D)
  A merfolk avatar (D)
  An anaconda (D)
  2 centaur warriors (D)
  A merfolk aquamancer (D)
  A catoblepas (D)
  An alligator (D)
  2 naga sharpshooters (D)
  A shock serpent (D)
  Nergalle (D)
  4 deep trolls (D)
  2 hill giants (D)
  A shambling mangrove (D)
  An orc knight (D)
  A wolf spider (D)
  A deep elf mage (D)
  An orb spider (D)
  A manticore (D)
  A cyclops (D)
  2 salamanders (D)
  A guardian serpent (D)
  A siren (D)
  A moth of wrath (D)
  5 black mambas (D)
  3 spiny frogs (D)
  A demonic crawler (D)
  2 rime drakes (D)
  3 merfolk (D)
  A jumping spider (D)
  A wind drake (D)
  A blink frog (D)
  4 trolls (D)
  A slime creature (D)
  A hippogriff (D)
  A redback (D)
  A water elemental (D)
  A wyvern (D)
  A basilisk (D)
  3 yaks (D)
  2 shadows (D)
  A vampire mosquito (D)
  A water moccasin (D)
  10 orc warriors (D)
  3 porcupines (D)
  2 ice beasts (D)
  A black bear (D)
  2 crocodiles (D)
  4 bullfrogs (D)
  2 scorpions (D)
  A hound (D)
  A jelly (D)
  4 orc priests (D)
  6 orc wizards (D)
  An iguana (D)
  A shadow imp (D)
  2 adder skeletons (D)
  A dart slug (D)
  3 leopard geckos (D)
  6 orcs (D)
  A goblin (D)
  A hobgoblin (D)
  A rat (D)
132 creatures vanquished.

Notes
Turn   | Place    | Note
-------+----------+-------------------------------------------
     0 | D        | equalderp2856 the Felid Fighter began the quest for the Orb.
     0 | D        | Reached XP level 1. HP: 10/10 MP: 2/2
    17 | D        | Reached skill level 5 in Unarmed Combat
    17 | D        | Reached XP level 2. HP: 9/14 MP: 3/3
   127 | D        | Noticed a scorpion
   127 | D        | Noticed a scorpion
   146 | D        | Killed a scorpion
   146 | D        | Reached skill level 5 in Dodging
   146 | D        | Reached skill level 7 in Unarmed Combat
   146 | D        | Reached XP level 3. HP: 12/18 MP: 4/4
   163 | D        | Killed a scorpion
   163 | D        | Reached skill level 5 in Fighting
   163 | D        | Reached skill level 8 in Unarmed Combat
   163 | D        | Reached XP level 4. HP: 6/23 MP: 5/5
   408 | D        | Found a roughly hewn altar of Beogh.
   408 | D        | Found a snail-covered altar of Cheibriados.
   408 | D        | Found a shadowy altar of Dithmenos.
   408 | D        | Found a white marble altar of Elyvilon.
   408 | D        | Found a blossoming altar of Fedhas.
   408 | D        | Found an opulent altar of Gozag.
   409 | D        | Found a hazy altar of Hepliaklqana.
   410 | D        | Found a viscous altar of Jiyva.
   411 | D        | Found an ancient bone altar of Kikubaaqudgha.
   412 | D        | Found a corrupted altar of Lugonu.
   413 | D        | Found a burning altar of Makhleb.
   414 | D        | Found a sparkling altar of Nemelex Xobeh.
   415 | D        | Found an iron altar of Okawaru.
   416 | D        | Found a stormy altar of Qazlal.
   417 | D        | Found a sacrificial altar of Ru.
   418 | D        | Found a deep blue altar of Sif Muna.
   419 | D        | Found a bloodstained altar of Trog.
   420 | D        | Found a hide-covered altar of Uskayaw.
   421 | D        | Found a radiant altar of Vehumet.
   422 | D        | Found a shimmering altar of Xom.
   423 | D        | Found a basalt altar of Yredelemnul.
   424 | D        | Found a glowing silver altar of Zin.
   425 | D        | Found a glowing golden altar of the Shining One.
   484 | D        | Became a worshipper of Qazlal Stormbringer
   514 | D        | Noticed an ice beast
   514 | D        | Noticed a troll
   514 | D        | Noticed a bullfrog
   516 | D        | Reached skill level 1 in Stealth
   516 | D        | Reached XP level 5. HP: 26/26 MP: 6/6
   523 | D        | Killed an ice beast
   523 | D        | Reached skill level 9 in Unarmed Combat
   527 | D        | Killed a troll
   527 | D        | Reached * piety under Qazlal
   527 | D        | Reached skill level 11 in Unarmed Combat
   527 | D        | Gained mutation: You are covered in thick fur. (AC +2) [Felid growth]
   527 | D        | Reached XP level 6. HP: 14/31 MP: 7/7
   529 | D        | Reached skill level 10 in Dodging
   531 | D        | Reached XP level 7. HP: 8/35 MP: 8/8
   830 | D        | Reached ** piety under Qazlal
   877 | D        | Noticed a shadow
   877 | D        | Noticed a centaur warrior
   884 | D        | Reached skill level 12 in Unarmed Combat
   893 | D        | Killed a shadow
   893 | D        | Reached skill level 5 in Stealth
   895 | D        | Reached *** piety under Qazlal
   895 | D        | Reached skill level 13 in Unarmed Combat
   913 | D        | Killed a centaur warrior
   913 | D        | Reached skill level 14 in Unarmed Combat
   913 | D        | Reached XP level 8. HP: 17/40 MP: 9/9
  1255 | D        | Noticed a black mamba
  1255 | D        | Noticed a rime drake
  1259 | D        | Killed a black mamba
  1259 | D        | Reached skill level 15 in Unarmed Combat
  1263 | D        | Reached **** piety under Qazlal
  1263 | D        | Reached XP level 9. HP: 43/44 MP: 10/10
  1266 | D        | Noticed a black mamba
  1267 | D        | Killed a rime drake
  1277 | D        | Reached skill level 16 in Unarmed Combat
  1286 | D        | Reached ***** piety under Qazlal
  1298 | D        | Killed a black mamba
  1547 | D        | Noticed a black mamba
  1547 | D        | Noticed a rime drake
  1563 | D        | Killed a black mamba
  1563 | D        | Reached skill level 17 in Unarmed Combat
  1570 | D        | Killed a rime drake
  1570 | D        | Reached XP level 10. HP: 40/49 MP: 11/11
  1585 | D        | Reached ****** piety under Qazlal
  1585 | D        | Reached skill level 18 in Unarmed Combat
  1738 | D        | Noticed a death yak
  1738 | D        | Noticed a death yak
  1738 | D        | Noticed a death yak
  1738 | D        | Noticed a death yak
  1738 | D        | Noticed a death yak
  1739 | D        | Noticed a catoblepas
  1862 | D        | Noticed a death yak
  1873 | D        | Killed a death yak
  1873 | D        | Reached skill level 15 in Dodging
  1873 | D        | Reached skill level 1 in Invocations
  1886 | D        | Killed a death yak
  1892 | D        | Killed a death yak
  1892 | D        | Reached skill level 19 in Unarmed Combat
  1897 | D        | Killed a death yak
  2104 | D        | Killed a death yak
  2289 | D        | Killed a catoblepas
  2289 | D        | Reached skill level 20 in Unarmed Combat
  2289 | D        | Reached XP level 11. HP: 39/52 MP: 14/14
  2299 | D        | Killed a death yak
  2751 | D        | Noticed an orc knight
  2834 | D        | Killed an orc knight
  2947 | D        | Reached skill level 5 in Invocations
  3026 | D        | Found Qetutuop's Magic Scroll Emporium.
  3026 | D        | Noticed a deep troll
  3026 | D        | Noticed a deep troll
  3026 | D        | Noticed an ogre mage
  3026 | D        | Noticed a deep troll
  3027 | D        | Noticed an ettin
  3043 | D        | Killed a deep troll
  3043 | D        | Reached skill level 21 in Unarmed Combat
  3156 | D        | Killed a deep troll
  3283 | D        | Killed a deep troll
  3284 | D        | Killed an ogre mage
  3414 | D        | Noticed an ogre mage
  3443 | D        | Killed an ettin
  3455 | D        | Killed an ogre mage
  3478 | D        | Found Ineb's Book Shoppe.
  3482 | D        | Found Rasawaev's Antique Armour Emporium.
  3484 | D        | Noticed an ogre mage
  3485 | D        | Found Kiynweug's Antique Weapon Shoppe.
  3486 | D        | Noticed a hill giant
  3490 | D        | Noticed a deep troll
  3491 | D        | Killed an ogre mage
  3491 | D        | Reached skill level 22 in Unarmed Combat
  3493 | D        | Noticed a hill giant
  3495 | D        | Gained mutation: Your thick and shaggy fur keeps you warm. (AC +3, rC+) [Felid growth]
  3495 | D        | Reached XP level 12. HP: 43/57 MP: 13/20
  3497 | D        | Reached skill level 10 in Invocations
  3538 | D        | Bought a book of Cantrips for 220 gold pieces
  3538 | D        | Bought a book of Maledictions for 275 gold pieces
  3538 | D        | Bought a book of Minor Magic for 220 gold pieces
  3570 | D        | Learned a level 1 spell: Animate Skeleton
  3573 | D        | Learned a level 2 spell: Blink
  3575 | D        | Learned a level 1 spell: Confusing Touch
  3577 | D        | Learned a level 1 spell: Summon Small Mammal
  3580 | D        | Learned a level 2 spell: Ensorcelled Hibernation
  3582 | D        | Learned a level 1 spell: Corona
  3814 | D        | Noticed a centaur warrior
  3814 | D        | Noticed a six-headed hydra
  3818 | D        | Killed a centaur warrior
  3825 | D        | Noticed a stone giant
  3827 | D        | Noticed a fire giant
  3855 | D        | Killed a six-headed hydra
  3886 | D        | Hit by a large rock thrown by a stone giant
  3887 | D        | Reached XP level 11. HP: -8/53 MP: 3/21
  3891 | D        | Noticed Aizul
  3906 | D        | Demolished by Aizul
  3907 | D        | Reached XP level 10. HP: -18/49 MP: 14/20
  3910 | D        | Noticed Harold
  3915 | D        | Killed Harold
  4072 | D        | Noticed Nergalle
  4084 | D        | Killed Nergalle
  4109 | D        | Noticed a spiny frog
  4109 | D        | Noticed an eight-headed hydra
  4109 | D        | Noticed a spiny frog
  4109 | D        | Noticed an alligator
  4110 | D        | Killed a spiny frog
  4110 | D        | Killed a spiny frog
  4111 | D        | Noticed a spiny frog
  4111 | D        | Killed an eight-headed hydra
  4111 | D        | Reached XP level 11. HP: 53/53 MP: 13/22
  4113 | D        | Killed an alligator
  4114 | D        | Noticed a shambling mangrove
  4122 | D        | Killed a shambling mangrove
  4122 | D        | Reached skill level 23 in Unarmed Combat
  4233 | D        | Noticed a naga sharpshooter
  4233 | D        | Noticed an anaconda
  4233 | D        | Noticed a shock serpent
  4234 | D        | Killed an anaconda
  4234 | D        | Killed a shock serpent
  4236 | D        | Noticed a naga sharpshooter
  4238 | D        | Killed a naga sharpshooter
  4238 | D        | Reached skill level 15 in Invocations
  4246 | D        | Killed a naga sharpshooter
  4327 | D        | Noticed a merfolk aquamancer
  4328 | D        | Killed a merfolk aquamancer
  4329 | D        | Noticed a merfolk avatar
  4330 | D        | Reached XP level 12. HP: 56/57 MP: 16/25
  4334 | D        | Killed a merfolk avatar
  4408 | D        | Noticed an emperor scorpion
  4408 | D        | Noticed a ghost moth
  4469 | D        | Noticed a ghost moth
  4479 | D        | Killed a ghost moth
  4960 | D        | Killed an emperor scorpion
  4968 | D        | Killed a ghost moth
  4968 | D        | Reached skill level 24 in Unarmed Combat
  5313 | D        | Killed from afar by Aizul

Skill      XL: |  1  2  3  4  5  6  7  8  9 10 11 12 |
---------------+-------------------------------------+-----
Unarmed Combat | 5 7 8 11 14 15 17 20 23 24 | 24.0
Fighting       | 4 5 6 7 8 9 |  9.0
Dodging        | 5 6 7 9 10 12 14 16 18 | 18.2
Stealth        | 1 4 6 7 8 |  8.9
Invocations    | 13 16 17 | 17.7

Action                   |  1- 3 |  4- 6 |  7- 9 | 10-12 || total
-------------------------+-------+-------+-------+-------++-------
Melee: Unarmed           |    43 |    15 |    94 |   235 ||   387
       Bite              |     1 |       |    12 |    33 ||    46
       Punch             |       |       |     8 |    37 ||    45
Invok: Upheaval          |       |       |       |    27 ||    27
       Disaster Area     |       |       |       |    19 ||    19
       Elemental Force   |       |       |       |     1 ||     1
  Use: Potion            |     2 |       |     3 |    10 ||    15
 Stab: Sleeping          |     1 |     1 |       |       ||     2
       Petrified         |       |       |       |     1 ||     1
  Eat: Chunk             |       |       |       |     4 ||     4
       Meat ration       |       |       |       |     1 ||     1
Armor: Skin              |     1 |       |     1 |     1 ||     3
Dodge: Dodged            |    24 |     9 |    73 |   151 ||   257
       Deflected         |       |       |       |     6 ||     6
Block: Other             |       |       |     7 |    44 ||    51
